 Dungeon Crawl Stone Soup version 0.27.0-1-g7a089689b8 (webtiles) character file.

Game seed: 13862439681413797798

137 agentchuck the Sneak (level 5, -5/54 HPs)
             Began as an Octopode Brigand on Aug 3, 2021.
             Killed by divine providence
             ... invoked by an orc priest
              (11 damage)
             ... on level 3 of the Dungeon.
             The game lasted 00:06:29 (2691 turns).

agentchuck the Sneak (Octopode Brigand)             Turns: 2691, Time: 00:06:30

Health: -5/54      AC: 22    Str: 10 (11) XL:     5   Next: 20%
Magic:  5/5        EV:  2    Int: 10 (13) God:
Gold:   94         SH:  0    Dex: 11 (14) Spells: 2/4 levels left

rFire    . . .     SeeInvis .   q - +2 short sword (speed)
rCold    . . .     Faith    .   (no shield)
rNeg     + + +     Spirit   .   (helmet currently unavailable)
rPois    +         Reflect  .   (no amulet)
rElec    .         Harm     .   Z - ring of wizardry
rCorr    .         Rampage  .   (no ring)
Will     .....     NoTele   +   (no ring)
Stlth    +++.......             (no ring)
HPRegen  0.18/turn              (no ring)
MPRegen  0.09/turn              (no ring)
                                (no ring)
                                (no ring)

@: tree-form
A: stationary, stasis, torment immunity, boosted hp, almost no armour,
(amphibious), 8 rings, (camouflage 1), (gelatinous body 1), (nimble swimmer 1),
(tentacles)
a: no special abilities


You were on level 3 of the Dungeon.
You were a tree.
You visited 1 branch of the dungeon, and saw 3 of its levels.

You collected 94 gold pieces.


Innate Abilities, Weirdness & Mutations

You are a tree.
Your roots penetrate the ground, keeping you stationary.
You cannot be teleported.
You are immune to unholy pain and torment.
Your maximum health is greatly increased.
You cannot wear most types of armour.
((You are amphibious.))
You can wear up to eight rings at the same time.
((Your skin changes colour to match your surroundings (Stealth+).))
((Your rubbery body absorbs attacks. (AC +1, EV +1)))
((You are camouflaged near water. (Stealth+)))
((You have tentacles for arms and can constrict up to eight enemies at once.))


   Skills:
 + Level 3.3 Fighting
 - Level 2.2(2.7) Short Blades
 + Level 2.2(2.7) Long Blades
 - Level 2.0 Throwing
 - Level 1.0 Dodging
 + Level 6.7 Stealth


You had 2 spell levels left.
You knew the following spells:

 Your Spells              Type           Power      Damage    Failure   Level
z - Ensorcelled Hibernat  Hex/Ice        0%         N/A       22%         2

Your spell library contained the following spells:

 Spells                   Type           Power      Damage    Failure   Level
 Corona                   Hex            0%         N/A       16%         1
 Dazzling Flash           Conj/Hex       0%         N/A       41%         3
 Gell's Gravitas          Tloc           0%         N/A       41%         3
 Teleport Other           Tloc           0%         N/A       41%         3
 Tukima's Dance           Hex            0%         N/A       41%         3
 Iskenderun's Mystic Bla  Conj/Tloc      0%         2d3       80%         4
 Dispersal                Tloc           0%         N/A       100%        6
 Starburst                Conj/Fire      0%         8x6d3     100%        6

Inventory:

Hand Weapons
 e - a +0 long sword
 q - a +2 short sword of speed (weapon)
 w - a +2 dagger
Missiles
 b - 19 poisoned darts
 c - 2 curare-tipped darts {=f}
 d - 56 stones (quivered)
 h - 25 sling bullets
Jewellery
 Z - a ring of wizardry (left branch)
Scrolls
 a - a scroll of enchant armour {unknown}
 g - 3 scrolls of identify {unknown}
 i - 4 scrolls of magic mapping {unknown}
 m - a scroll of noise {unknown}
Potions
 f - a potion of heal wounds {unknown}
 j - a potion of curing {unknown}
 l - a potion of degeneration {!q}

Dungeon Overview and Level Annotations

Branches:
Dungeon (3/15)

Altars:
Zin

..# ## #.# #.# . #.# ##### #.#
.### #.#.. ##.... #.# ...!.
#.#.#.# #.....#+##.###..# #.#.#.#
#...............# #.#.#.#
#.#.##..........# #.#.#.### #.#
#......###########.#†#.... ...
+...o.goo♣.........#.#....
..###.##......#######.....#..<...
.................................
.....#.########......#..........
#### #=# #.######.######### #.#
#............... #o#
#..####....PP... .o# #..#
#...####.. .o. #..# #...#


You could see 2 orc priests, an orc and a hobgoblin.


Message History

You closely miss the bat. You grab the bat.
You constrict the bat, but do no damage.
The bat hits you but does no damage.
The orc priest mumbles some strange prayers to Beogh against you.
Pain shoots through your body!
* * * LOW HITPOINT WARNING * * *
The orc priest miscasts a cantrip.
You hit the bat. Your squeeze misses the bat.
The bat is moderately wounded.
You constrict the bat. The bat hits you but does no damage.
The bat struggles to escape constriction.
The orc priest looks encouraged for a moment.
You puncture the bat!
You kill the bat!
There is an open door, spattered with blood here.
The orc priest calls down the wrath of Beogh upon you.
Beogh smites you!
* * * LOW HITPOINT WARNING * * *
You close the door.
An orc opens the door.
The orc priest looks encouraged for a moment.
It was a potion of degeneration.
There was something very wrong with that liquid.
You feel weakened.
You feel dopey.
You feel clumsy.
The orc priest looks encouraged for a moment.
It was a potion of lignification.
You turn into a tree.
Your roots penetrate the ground.
The orc priest begins to cast a cantrip, but forgets the words!
The orc priest calls down the wrath of Beogh upon you.
Beogh smites you!
You die...

Skill      XL: |  1  2  3  4 |
---------------+-------------+-----
Long Blades    | 1 2 |  2.2
Stealth        | 6 |  6.7
Fighting       | 3 |  3.3
Short Blades   | |  2.2
Throwing       | |  2.0
Dodging        | |  1.0

Action                   |  1- 3 |  4- 6 || total
-------------------------+-------+-------++-------
Melee: Dagger            |    13 |     8 ||    21
       Constrict         |    13 |    12 ||    25
       Tentacles         |     8 |     7 ||    15
       Long sword        |    39 |    14 ||    53
       Short sword       |       |    22 ||    22
Throw: Stone             |     9 |       ||     9
       Dart              |     1 |     9 ||    10
  Use: Potion            |       |     2 ||     2
 Stab: Sleeping          |     9 |    10 ||    19
Armor: Skin              |     3 |     6 ||     9
Dodge: Dodged            |    21 |    25 ||    46
       Rpst.: Long sword |     5 |     2 ||     7

Levels and vault maps discovered:
D:1:      evilmike_arrival_crescent, layout_basic, dk_noncrumbling_4,
          hangedman_decor_growths
D:2:      layout_loops_corners, basic_altar, minivault_24, minmay_pentomino_w4
D:3:      corexii_shack_village, layout_basic,
          shapermc_ecumenical_altar_mp_vishouse, serial_bayou_crossing

Notes
Turn   | Place    | Note
-------+----------+-------------------------------------------
     0 | D:1      | agentchuck the Octopode Brigand began the quest for the
                  | Orb.
     0 | D:1      | Reached XP level 1. HP: 14/14 MP: 1/1
   217 | D:1      | Reached XP level 2. HP: 18/19 MP: 2/2
   641 | D:1      | Reached XP level 3. HP: 25/25 MP: 3/3
  1082 | D:2      | Reached skill level 1 in Long Blades
  1082 | D:2      | Reached skill level 6 in Stealth
  1273 | D:2      | Reached XP level 4. HP: 11/30 MP: 4/4
  1275 | D:2      | HP: 3/30 [quokka (5)]
  1574 | D:2      | Reached skill level 3 in Fighting
  1791 | D:2      | Reached skill level 2 in Long Blades
  1951 | D:2      | Reached XP level 5. HP: 36/36 MP: 5/5
  1954 | D:2      | Learned a level 2 spell: Ensorcelled Hibernation
  2456 | D:2      | Found a glowing silver altar of Zin.
  2687 | D:3      | HP: 3/36 [orc priest/divine providence (11)]
  2691 | D:3      | Killed from afar by an orc priest

Vanquished Creatures
  An iguana (D:2)
  4 adders (D:2)
  3 worms (D:2)
  5 dart slugs
  4 endoplasms
  3 giant cockroaches
  4 goblins
  2 hobgoblins (D:1)
  2 jackals (D:1)
  A quokka (D:2)
  7 ball pythons
  9 bats
  3 frilled lizards
  8 kobolds
56 creatures vanquished.

Table legend: (Time is in decaauts)
 A = Elapsed time spent in this place.
 B = Non-inter-level travel time spent in this place.
 C = Inter-level travel time spent in this place.
 D = Time resting spent in this place.
 E = Time spent auto-exploring this place.
 F = Levels seen in this place.
 G = Mean time per level.
                   A        B        C        D        E       F      G
               +--------+--------+--------+--------+--------+-----+--------+
         Total |   2694 |   2627 |     67 |    662 |   1255 |   3 |  898.0 |
       Dungeon |   2694 |   2627 |     67 |    662 |   1255 |   3 |  898.0 |
               +--------+--------+--------+--------+--------+-----+--------+

Top non-repeatable levels by time:
     D:2: 1390 daAuts
     D:1: 1219 daAuts
     D:3: 84 daAuts

Table legend:
 A = Non-vault XP
 B = Vault XP
 C = Vault XP percentage of total XP
 D = Non-vault monster count
 E = Vault monster count
 F = Vault count percentage of total count
                 A         B        C        D         E       F
            +---------+---------+-------+---------+---------+-------
      Total |     183 |      14 |   7.1 |      49 |       7 |  12.5
            +---------+---------+-------+---------+---------+-------
        D:1 |      43 |       2 |   4.4 |      25 |       1 |   3.8
        D:2 |     134 |      12 |   8.2 |      20 |       6 |  23.1
        D:3 |       6 |       0 |   0.0 |       4 |       0 |   0.0
            +---------+---------+-------+---------+---------+-------
